 Dungeon Crawl Stone Soup version 0.31-a0-841-g038b102fc3 (webtiles) character file.

Game seed: 10557246190397222988

6 Bravepunisher the Ducker (level 1, 0/11 HPs)
             Began as a Spriggan Monk on Sept 27, 2023.
             Slain by an ufetubus (2 damage)
             ... on level 4 of the Dungeon.
             The game lasted 00:01:06 (259 turns).

Bravepunisher the Ducker (Spriggan Monk)             Turns: 259, Time: 00:01:07

Health: 0/11       AC:  2    Str:  7    XL:     1   Next: 75%
Magic:  2/2        EV: 19    Int: 11    God:
Gold:   30         SH:  0    Dex: 17    Spells: 0/0 levels left

rFire   . . .        a - +0 short sword
rCold   . . .        (no shield)
rNeg    . . .        b - +0 robe
rPois   .            (helmet restricted)
rElec   .            (no cloak)
rCorr   .            (gloves unavailable)
SInv    +            (boots unavailable)
Will    .....        (no amulet)
Stlth   ++           (no ring)
HPRegen 0.21/turn    (no ring)
MPRegen 0.08/turn

%: no passive effects
@: very quick
A: very small, no large weapons, unfitting armour, see invisible, speed 3
a: no special abilities


You were on level 4 of the Dungeon.
You visited 1 branch of the dungeon, and saw 4 of its levels.

You collected 30 gold pieces.

Inventory:

Hand Weapons
 a - a +0 short sword (weapon)
Armour
 b - a +0 robe (worn)
 g - a +2 robe of willpower
Jewellery
 e - an amulet of faith
Wands
 f - a wand of paralysis (6)
Scrolls
 d - a scroll of identify {unknown}
Potions
 c - a potion of ambrosia


   Skills:
 * Level 2.7 Fighting
 - Level 3.2 Short Blades
 + Level 4.2 Dodging


You couldn't memorise any spells.
You didn't know any spells.
Your spell library was empty.

Dungeon Overview and Level Annotations

Branches:
Dungeon (4/15)
 Temple: D:4-7

Altars:
Qazlal


Innate Abilities, Weirdness & Mutations

You are very small and have problems with some larger weapons.
You are too small for most types of armour.
You have supernaturally acute eyesight. (SInv)
You cover ground extremely quickly. (Speed+++)


Message History

A goblin comes into view. It is wielding a +0 club.
Found a ring mail.
Found a leather armour.
Found a short runed staff.
You see here a staff of death.
There is a shaft here.
f - a wand of paralysis (6)
You see here a +0 leather armour.
An adder and a goblin come into view.
The goblin shouts!
The adder hisses angrily.
Found a sapphire potion.
You see here a +2 robe of willpower.
g - a +2 robe of willpower The adder completely misses you.
The goblin hits you but does no damage. The goblin attacks as it pursues you!
The goblin closely misses you. The adder barely misses you.
Found a serpent talisman.
Found a grey potion.
A ball python comes into view.
The ball python hisses angrily.
The ball python completely misses you. The ball python misses you.
A hound comes into view.
Found a leather armour.
An iguana comes into view.
Found a stone staircase leading down.
Found an amulet of faith.
The hound barks!
The iguana hisses angrily.
You hear a shout!
An ufetubus comes into view.
The hound closely misses you. The iguana bites you!
Ouch! That really hurt!
* * * LOW HITPOINT WARNING * * *
You see here a +0 leather armour.
The hound attacks as it pursues you! The hound barely misses you.
The ufetubus completely misses you.
The ufetubus hits you but does no damage.
Found a stone staircase leading up.
The ufetubus completely misses you. x2
The ufetubus barely misses you. The ufetubus misses you.
There is a stone staircase leading down here.
The ufetubus hits you.
You die...

#≈#≈...# ≈≈≈....g
.. #. ≈...≈.. ...
#. ≈.....# .... #<
..##### #...# ###.
..## #....###..#
...###
##..........#
.....##.........".#
...........# #..@.#
### .........#
##.h5######...
.........#
#...l#.....#
.........#
##.......#
[.........#
#...[..##
.....##....#
##.....## ....##
#...###......S##
.....#
#.......####.S##
.#...# ......##
##..##


You could see an iguana, a hound, an adder, an ufetubus and a ball python.

Vanquished Creatures
  A dart slug (D:4)
  An endoplasm (D:2)
  A goblin (D:2)
  A ball python (D:4)
4 creatures vanquished.

Notes
Turn   | Place    | Note
-------+----------+-------------------------------------------
     0 | D:1      | Bravepunisher the Spriggan Monk began the quest for the
                  | Orb.
     0 | D:1      | Reached XP level 1. HP: 11/11 MP: 2/2
   136 | D:4      | Found a stormy altar of Qazlal.
   247 | D:4      | Noticed a hound
   251 | D:4      | Noticed an iguana
   259 | D:4      | Slain by an ufetubus

Illustrated notes

Levels and vault maps discovered:
D:1:      dpeg_arrival_houses_and_road, layout_basic,
          hellmonk_ecumenical_altar_inner_sanctum, minmay_3d_cube
D:2:      layout_basic
D:3:      layout_loops_ring, serial_forest, infiniplex_forest_clump_medium,
          infiniplex_forest_clump_tiny, infiniplex_forest_lined_2,
          infiniplex_forest_split, infiniplex_forest_clump_medium,
          infiniplex_forest_straight_3, infiniplex_forest_3_way
D:4:      layout_layer_cave, nicolae_qazlal_general_emergency,
          uniq_crazy_yiuf_cottage

Action                     || total
---------------------------++-------
  Melee: Short sword       ||    19
         Punch             ||     1
 Armour: Robe              ||     8
  Dodge: Dodged            ||    22

Table legend: (Time is in decaauts)
 A = Elapsed time spent in this place.
 B = Non-inter-level travel time spent in this place.
 C = Inter-level travel time spent in this place.
 D = Time resting spent in this place.
 E = Time spent auto-exploring this place.
 F = Levels seen in this place.
 G = Mean time per level.
                   A        B        C        D        E       F      G
               +--------+--------+--------+--------+--------+-----+--------+
         Total |    170 |    170 |      0 |      0 |     60 |   4 |   42.5 |
       Dungeon |    170 |    170 |      0 |      0 |     60 |   4 |   42.5 |
               +--------+--------+--------+--------+--------+-----+--------+

Top non-repeatable levels by time:
     D:4: 96 daAuts
     D:1: 36 daAuts
     D:2: 25 daAuts
     D:3: 13 daAuts
